AoeStats
← 小老海龜

Arena

511055143Analyzed
1v1 RM · 7h ago on Oct 3, 2026· 42m 42s· 2 players
Game mode
Random Map
Map size
Tiny (2 player)
Population
200
Speed
Normal
Resources
Standard
Victory
Conquest
Starting age
Dark Age
Ending age
Imperial Age
RankedLock teamsTeams togetherTeam positionsShared explorationLock speedFull tech treeHidden civsTurbo modeCheats
Victory
Defeat
🇹🇼 Italians · Taiwan
1362
+19
🇨🇴 Burgundians · Colombia
1430
-19
小老海龜
10:19 Feudal Age
14:16 Castle Age
12:27 Double-Bit Axe
13:48 Loom
15:20 Bow Saw
16:15 Horse Collar
21:01 Fletching
27:11 Imperial Age
24:47 Padded Archer Armor
24:57 Gold Mining
25:37 Bodkin Arrow
26:30 Ballistics
26:55 Wheelbarrow
26:31 Town Watch
27:10 Leather Archer Armor
28:33 Hand Cart
29:26 Chemistry
29:01 Hand Cart
29:28 Heavy Plow
30:08 Bracer
32:14 Hand Cart
32:34 Ring Archer Armor
31:51 Town Watch
35:04 Scale Barding Armor
36:55 Chain Barding Armor
36:46 Forging
36:25 Light Cavalry
37:16 Bloodlines
37:06 Husbandry
38:17 Plate Barding Armor
37:27 Hussar
38:46 Forging
39:18 Treadmill Crane
40:58 Thumb Ring
42:59 Iron Casting
DavidRhenals
10:50 Feudal Age
9:12 Double-Bit Axe
9:15 Horse Collar
9:47 Gold Mining
15:00 Castle Age
14:02 Bow Saw
14:31 Heavy Plow
18:04 Fletching
17:51 Elite Skirmisher
21:39 Padded Archer Armor
23:57 Wheelbarrow
28:25 Imperial Age
27:05 Bodkin Arrow
28:36 Ballistics
30:17 Chemistry
31:40 Bracer
38:22 Scale Barding Armor
38:28 Forging
39:07 Leather Archer Armor
38:15 Light Cavalry
40:53 Gold Shaft Mining
Connection lost

Rejoining the realm…

Still unreachable

The connection could not be restored.

Session expired

The server has moved on; the page needs a fresh start.